 Dungeon Crawl Stone Soup version 0.30.0-20-g3615ddf2f0 (webtiles) character file.

Game seed: 17040462013187743233

65 qw the Chopper (level 4, -2/28 HPs)
             Began as a Gargoyle Fighter on May 27, 2023.
             Slain by Natasha (7 damage)
             ... on level 3 of the Dungeon.
             The game lasted 00:00:47 (1449 turns).

qw the Chopper (Gargoyle Fighter)                   Turns: 1449, Time: 00:00:48

Health: -2/28      AC: 10    Str: 22    XL:     4   Next: 14%
Magic:  4/4        EV:  9    Int:  8    God:
Gold:   124        SH:  4    Dex:  9    Spells: 3/3 levels left

rFire   . . .        Y - +0 war axe
rCold   . . .        c - +0 buckler
rNeg    + . .        b - +0 scale mail
rPois   inf          (no helmet)
rElec   +            (no cloak)
rCorr   .            (no gloves)
SInv    .            (no boots)
Will    .....        (no amulet) Stlth
                     (no ring)
HPRegen 0.24/turn    (no ring)
MPRegen 0.09/turn

%: no passive effects
@: about to teleport, hasted and slowed
A: sickness immunity, AC +3, negative energy resistance 1, electricity
resistance, torment resistance 1, petrification resistance
a: no special abilities


You were on level 3 of the Dungeon.
You visited 1 branch of the dungeon, and saw 3 of its levels.

You collected 124 gold pieces.


Innate Abilities, Weirdness & Mutations

You are immune to sickness and miasma.
Your stone body is resilient. (AC +3)
You are immune to poison.
You resist negative energy. (rN+)
You are resistant to electric shocks. (rElec)
You are resistant to unholy torment.
You are immune to petrification.


   Skills:
 - Level 3.2 Fighting
 + Level 3.9 Axes
 - Level 3.2 Armour
 - Level 3.2 Shields


You had 3 spell levels left.
You didn't know any spells.
Your spell library was empty.

Inventory:

Hand Weapons
 g - a +0 mace
 Y - a +0 war axe (weapon)
Armour
 b - a +0 scale mail (worn)
 c - a +0 buckler (worn)
Scrolls
 f - 2 scrolls of teleportation
Potions
 a - a potion of resistance {unknown}
 d - a potion of might
 e - a potion of curing {unknown}
 h - a potion of haste
 i - a potion of invisibility {unknown}
 j - a potion of berserk rage {unknown}
 k - a potion of degeneration {unknown}

Dungeon Overview and Level Annotations

Branches:
Dungeon (3/15)

Altars:

Annotations:
D:3 Natasha


Message History

You barely miss Natasha.
Natasha zaps a wand.
The puff of flame hits you.
You barely miss Natasha.
The cerulean imp hits you from afar with a +2 spear.
Natasha claws you but does no damage.
You hit Natasha.
Natasha is lightly wounded.
The cerulean imp hits you but does no damage.
Natasha mumbles some strange words.
You feel troubled. Natasha claws you.
You hit Natasha.
Natasha is moderately wounded.
The cerulean imp hits you but does no damage.
Natasha misses you.
You slash Natasha!
Natasha is almost dead.
The cerulean imp closely misses you. Natasha claws you but does no damage.
You hit Natasha but do no damage.
Natasha is almost dead.
The cerulean imp hits you but does no damage.
Natasha casts a spell at you.
You feel yourself slow down.
You closely miss Natasha.
Natasha is almost dead.
The cerulean imp hits you from afar with a +2 spear.
Natasha zaps a wand.
The puff of flame hits you. The cerulean imp barely misses you.
You barely miss Natasha.
Natasha is almost dead.
Natasha mumbles some strange words.
The cerulean imp hits you from afar with a +2 spear.
Natasha stares at you and mumbles some strange words.
The magic dart hits you!
1449 ||| READING 3 scrolls of teleportation.
As you read the scroll of teleportation, it crumbles to dust.
You feel strangely unstable.
The cerulean imp hits you but does no damage.
Natasha claws you!
You die...

# ## #.#.#
#.#.# ## #.#.#
#.
#.#.#.########
#$#.#........
#.<5#.5...#
#.#.#@h#
#.#.#.#..#
#.#.#.#.###
#.#.#.# #.
#.#.#.# ##
.#.#.# .#.# .#


You could see Natasha and 2 cerulean imps.

Vanquished Creatures
  A gnoll (D:1)
  An adder (D:2)
  A dart slug (D:1)
  5 ball pythons (D:1)
  6 endoplasms
  A giant cockroach (D:2)
  2 goblins (D:2)
  4 hobgoblins
  5 jackals (D:1)
  3 kobolds
  A quokka (D:2)
  5 bats
  5 frilled lizards
  3 rats
43 creatures vanquished.

Notes
Turn   | Place    | Note
-------+----------+-------------------------------------------
     0 | D:1      | qw the Gargoyle Fighter began the quest for the Orb.
     0 | D:1      | Reached XP level 1. HP: 14/14 MP: 1/1
     0 | D:1      | 0 ||| qw: Version: 0.2-a-99-g0e97a82
     0 | D:1      | 0 ||| qw: Game counter: 106
     0 | D:1      | 0 ||| qw: Always use a shield: true
     0 | D:1      | 0 ||| qw: God list: Okawaru
     0 | D:1      | 0 ||| qw: Allow faded altars: false
     0 | D:1      | 0 ||| qw: Do Orc after D:15 true
     0 | D:1      | 0 ||| qw: Do second Lair branch before Depths: true
     0 | D:1      | 0 ||| qw: Lair rune preference: random
     0 | D:1      | 0 ||| qw: Plans: Normal, Zot:1-4, God:TSO, Crypt, Tomb,
                  | Pan, Slime:5, Hells, Abyss, Win
     0 | D:1      | 0 ||| PLANNING D:1-11
    85 | D:1      | 85 ||| Stepping ~*~*~tactically~*~*~ (stealth).
    94 | D:1      | Reached XP level 2. HP: 18/19 MP: 2/2
   243 | D:1      | Reached skill level 3 in Axes
   331 | D:1      | Reached XP level 3. HP: 23/23 MP: 3/3
   418 | D:1      | 418 ||| Stepping ~*~*~tactically~*~*~ (hiding).
   741 | D:1      | 741 ||| READING scroll labelled GAQUAZYFRI.
   742 | D:1      | 742 ||| READING 4 scrolls labelled FUNAM FAJE.
   746 | D:1      | 746 ||| READING scroll labelled QITIN ZUOCUSS.
   747 | D:1      | 747 ||| READING scroll labelled BOUNGAI HYRILY.
   947 | D:2      | 947 ||| Stepping ~*~*~tactically~*~*~ (stealth).
   948 | D:2      | 948 ||| Stepping ~*~*~tactically~*~*~ (stealth).
   949 | D:2      | 949 ||| Stepping ~*~*~tactically~*~*~ (stealth).
   950 | D:2      | 950 ||| Stepping ~*~*~tactically~*~*~ (stealth).
   951 | D:2      | 951 ||| Stepping ~*~*~tactically~*~*~ (stealth).
   952 | D:2      | 952 ||| Stepping ~*~*~tactically~*~*~ (stealth).
   953 | D:2      | 953 ||| Stepping ~*~*~tactically~*~*~ (stealth).
   965 | D:2      | 965 ||| Stepping ~*~*~tactically~*~*~ (hiding).
  1048 | D:2      | Reached XP level 4. HP: 28/28 MP: 4/4
  1131 | D:2      | 1131 ||| Stepping ~*~*~tactically~*~*~ (stealth).
  1408 | D:2      | 1408 ||| READING scroll labelled WEIMEB PAFA.
  1409 | D:2      | 1409 ||| READING scroll labelled JEKHLE ANAF.
  1410 | D:2      | 1410 ||| DRINKING 2 fuming clear potions.
  1433 | D:3      | Noticed Natasha
  1448 | D:3      | HP: 5/28 [Natasha/magic dart (9)]
  1449 | D:3      | 1449 ||| READING 3 scrolls of teleportation.
  1449 | D:3      | Slain by Natasha

Levels and vault maps discovered:
D:1:      dpeg_arrival_long_road, layout_loops_ring
D:2:      minmay_chambers_of_ones, layout_rooms
D:3:      layout_basic, grunt_ministairs_4, uniq_natasha, uniq_grinder

Skill      XL: |  1  2 |
---------------+-------+-----
Axes           | 2 3 |  3.9
Fighting       | |  3.2
Armour         | |  3.2
Shields        | |  3.2

Action                     |  1- 3 |  4- 6 || total
---------------------------+-------+-------++-------
  Melee: War axe           |   105 |    26 ||   131
    Use: Scroll            |     4 |     3 ||     7
         Potion            |       |     1 ||     1
 Armour: Scale mail        |    46 |    12 ||    58
  Dodge: Dodged            |    49 |    10 ||    59
  Block: Buckler           |    16 |     2 ||    18

Table legend:
 A = Non-vault XP
 B = Vault XP
 C = Vault XP percentage of total XP
 D = Non-vault monster count
 E = Vault monster count
 F = Vault count percentage of total count
                 A         B        C        D         E       F
            +---------+---------+-------+---------+---------+-------
      Total |      85 |       9 |   9.6 |      38 |       5 |  11.6
            +---------+---------+-------+---------+---------+-------
        D:1 |      59 |       0 |   0.0 |      28 |       0 |   0.0
        D:2 |      24 |       9 |  27.3 |       9 |       5 |  35.7
        D:3 |       2 |       0 |   0.0 |       1 |       0 |   0.0
            +---------+---------+-------+---------+---------+-------
